 Dungeon Crawl Stone Soup version 0.26.0-16-gc1dbca0489 (webtiles) character file.

Game seed: 3502004936476214966

736 zcampers the Chopper (level 7, -1/63 HPs)
             Began as a Minotaur Berserker on Jan 21, 2021.
             Was a Believer of Trog.
             Slain by Duvessa
             ... wielding a +0 short sword
              (12 damage)
             ... on level 5 of the Dungeon.
             The game lasted 00:13:19 (4461 turns).

zcampers the Chopper (Minotaur Berserker)           Turns: 4461, Time: 00:13:19

Health: -1/63      AC:  3    Str: 19 (21) XL:     7   Next: 46%
Magic:  6/6        EV: 12    Int:  5 (6)  God:    Trog [**....]
Gold:   203        SH:  0    Dex:  8 (10) Spells: 6/6 levels left

rFire    . . .     SeeInvis +   o - +0 trident (venom)
rCold    . . .     Faith    .   (no shield)
rNeg     . . .     Spirit   .   e - +0 ring mail
rPois    .         Reflect  .   (helmet restricted)
rElec    .         Harm     .   w - +0 cloak
rCorr    .         Rampage  .   (no gloves)
Will     .....                  (no boots)
Stlth    ..........             (no amulet)
HPRegen  0.20/turn              (no ring)
MPRegen  0.10/turn              p - ring of see invisible

@: corroded
A: retaliatory headbutt, hooves 1, horns 2, wild magic 1
a: Renounce Religion, Berserk, Trog's Hand


You were on level 5 of the Dungeon.
You worshipped Trog.
Trog was pleased with you.
You visited 1 branch of the dungeon, and saw 5 of its levels.

You collected 203 gold pieces.

Inventory:

Hand Weapons
 a - a +0 hand axe
 o - a +0 trident of venom (weapon)
Armour
 e - a +0 ring mail (worn)
 w - a +0 cloak (worn)
Jewellery
 p - a ring of see invisible (right hand)
Scrolls
 c - 5 scrolls of identify
Potions
 b - 2 potions of flight
 f - a potion of brilliance
 j - a potion of attraction
 l - a potion of haste


   Skills:
 + Level 6.0 Fighting
 + Level 6.1 Axes
 + Level 1.2(4.0) Polearms
 + Level 5.4 Armour
 + Level 4.9 Dodging


You had 6 spell levels left.
You didn't know any spells.
Your spell library was empty.

Dungeon Overview and Level Annotations

Branches:
Dungeon (5/15)
 Temple: D:4-7

Altars:
Xom

Annotations:
D:5 Duvessa


Innate Abilities, Weirdness & Mutations

You reflexively headbutt those who attack you in melee.
You have a pair of horns on your head.
You have large cloven feet.
Your spells are a little harder to cast, but a little more powerful.


Message History

Duvessa closely misses you.
A phantom comes into view.
You closely miss Duvessa.
Duvessa is lightly wounded.
Duvessa misses you.
The giant cockroach zombie bites you but does no damage.
The phantom blinks!
The giant cockroach zombie closely misses you.
You furiously retaliate!
You headbutt the giant cockroach zombie.
Duvessa hits you with a +0 short sword.
You puncture Duvessa! Your headbutt misses Duvessa.
Duvessa is lightly wounded.
Duvessa hits you with a +0 short sword. The giant cockroach zombie misses you.
You hit Duvessa but do no damage.
Duvessa is lightly wounded.
Duvessa hits you with a +0 short sword!
* * * LOW HITPOINT WARNING * * *
Duvessa hits you with a +0 short sword!
You die...

......# .......
..)..<.# .......
.......# .......
####.....# .......
##........## .......
#..#.......# .......
###.##.......#
.../...##...##.......#
......Z@#.#####.....##
...W..e.>.# #....##
.....)...## #...##
.........# ###.#.#
.........# #...#.#
.......### #..##.#
......# #..# .# ..#...
##..##.#
.>....######..###.##.


You could see a phantom, Duvessa (berserk, very poisoned) and a giant cockroach
zombie.

Vanquished Creatures
  2 ogres (D:4)
  A centaur (D:3)
  A scorpion (D:4)
  Dowan (D:5)
  A centaur zombie (D:5)
  A hound (D:4)
  A jelly (D:5)
  2 bullfrog skeletons (D:4)
  An orc wizard (D:3)
  2 iguanas (D:4)
  2 worker ants
  4 adders
  2 oozes
  An adder skeleton (D:5)
  4 dart slugs
  A leopard gecko (D:4)
  5 orcs
  3 ball pythons
  2 giant cockroaches
  6 goblins
  4 hobgoblins
  6 jackals
  4 kobolds
  3 quokkas
  5 bats
  6 frilled lizards
  9 rats
80 creatures vanquished.

Notes
Turn   | Place    | Note
-------+----------+-------------------------------------------
     0 | D:1      | zcampers the Minotaur Berserker began the quest for the
                  | Orb.
     0 | D:1      | Reached XP level 1. HP: 19/19 MP: 0/0
   269 | D:1      | Reached XP level 2. HP: 23/27 MP: 1/1
   852 | D:2      | Reached ** piety under Trog
   853 | D:2      | Reached XP level 3. HP: 27/33 MP: 2/2
  1702 | D:2      | Reached XP level 4. HP: 36/41 MP: 3/3
  2543 | D:3      | Found a shimmering altar of Xom.
  2887 | D:3      | Noticed a centaur
  2894 | D:3      | Killed a centaur
  2895 | D:3      | Reached XP level 5. HP: 16/47 MP: 4/4
  3277 | D:4      | Reached skill level 5 in Fighting
  3277 | D:4      | Reached skill level 5 in Axes
  3433 | D:4      | Reached XP level 6. HP: 48/56 MP: 5/5
  3800 | D:4      | Reached skill level 5 in Armour
  3800 | D:4      | Reached XP level 7. HP: 52/62 MP: 6/6
  4086 | D:4      | Gained mutation: Your spells are a little harder to cast,
                  | but a little more powerful. [potion of mutation]
  4086 | D:4      | Gained mutation: You have large cloven feet. [potion of
                  | mutation]
  4265 | D:5      | Entered Level 5 of the Dungeon
  4443 | D:5      | Noticed Dowan
  4452 | D:5      | Killed Dowan
  4452 | D:5      | Noticed Duvessa
  4453 | D:5      | Reached skill level 1 in Polearms
  4461 | D:5      | Slain by Duvessa

Illustrated notes

Levels and vault maps discovered:
D:1:      lightli_arrival_noodles, layout_loops_cross, minmay_parallelograms
D:2:      layout_basic, serial_corexii_hall, chequers_hall_statues_corner_a,
          chequers_hall_statues_corner_a, minivault_11
D:3:      layout_loops_corners, lemuel_coloured_pillars_altar
D:4:      layout_loops_ring
D:5:      layout_rooms, dk_yredelemnul_ordeal, uniq_duvessa

Skill      XL: |  1  2  3  4  5  6  7 |
---------------+----------------------+-----
Axes           | 4 5 6 |  6.1
Fighting       | 4 5 6 |  6.0
Armour         | 3 4 5 |  5.4
Dodging        | 3 4 |  4.9
Polearms       | 1 |  1.2

Action                   |  1- 3 |  4- 6 |  7- 9 || total
-------------------------+-------+-------+-------++-------
Melee: Hand axe          |    73 |    20 |       ||    93
       Headbutt          |    11 |    12 |     7 ||    30
       Trident           |       |    55 |    39 ||    94
       Kick              |       |       |     5 ||     5
Invok: Trog's Hand       |       |     1 |     1 ||     2
       Berserk           |       |     1 |       ||     1
  Use: Potion            |       |       |     8 ||     8
       Scroll            |       |       |     7 ||     7
Armor: Animal skin       |     6 |       |       ||     6
       Ring mail         |    28 |    21 |    14 ||    63
Dodge: Dodged            |    66 |    51 |    30 ||   147
